 Dungeon Crawl Stone Soup version 0.26-a0-540-g8a0c9464d7 (webtiles) character file.

Game seed: 4278576063250562445

215 Myldir the Digger (level 5, 0/42 HPs)
             Began as a Gargoyle Earth Elementalist on Aug 15, 2020.
             Slain by a rat (1 damage)
             ... on level 3 of the Dungeon.
             The game lasted 00:06:41 (2577 turns).

Myldir the Digger (Gargoyle Earth Elementalist)     Turns: 2577, Time: 00:06:42

Health: 0/42       AC:  7    Str: 12    XL:     5   Next: 92%
Magic:  6/10       EV: 12    Int: 16    God:
Gold:   146        SH:  0    Dex: 10    Spells: 7/11 levels left

rFire    . . .     SeeInvis .   d - +2 quarterstaff (drain)
rCold    . . .     Faith    .   (shield currently unavailable)
rNeg     + . .     Spirit   .   c - +0 robe
rPois    ∞         Reflect  .   (no helmet)
rElec    +         Harm     .   a - +0 cloak
rCorr    .                      (no gloves)
MR       .....                  (no boots)
Stlth    ..........             e - amulet of magic regeneration
HPRegen  0.14/turn              (no ring)
MPRegen  0.37/turn              (no ring)

@: berserking, very slightly contaminated, very quick
A: negative energy resistance 1, electricity resistance, unbreathing,
petrification resistance, rot immunity, AC +4
a: no special abilities


You were on level 3 of the Dungeon.
You visited 1 branch of the dungeon, and saw 4 of its levels.

You collected 146 gold pieces.

Inventory:

Hand Weapons
 d - a +2 quarterstaff of draining (weapon)
 k - a +1 mace
Missiles
 b - 113 stones (quivered)
Armour
 a - a +0 cloak (worn)
 c - a +0 robe (worn)
Jewellery
 e - an amulet of magic regeneration (around neck)
Scrolls
 h - 3 scrolls of identify {unknown}
 j - 2 scrolls of remove curse {unknown}
 l - a scroll of noise {unknown}
Potions
 g - a potion of magic
 i - 2 potions of brilliance {unknown}
 m - 2 potions of curing {unknown}


   Skills:
 - Level 1.5 Dodging
 - Level 2.1 Stealth
 + Level 3.7 Spellcasting
 + Level 2.7 Conjurations
   Level 0.7 Transmutations
 + Level 5.4 Earth Magic


You had 7 spell levels left.
You knew the following spells:

 Your Spells              Type           Power        Failure   Level
a - Sandblast             Erth           ###...       1%          1
b - Stone Arrow           Conj/Erth      ###...       10%         3

Your spell library contained the following spells:

 Spells                   Type           Power        Failure   Level
 Passwall                 Tmut/Erth      ##......     8%          2
 Petrify                  Tmut/Erth      ##......     43%         4
 Lee's Rapid Deconstruct  Erth           ###.......   45%         5


Dungeon Overview and Level Annotations

Branches:
Dungeon (4/15)
 Temple: D:4-7

Altars:
Dithmenos
Uskayaw

Portals:
Sewer: D:4

Annotations:
D:3 2 transporters, Gebura's ghost, amateur OpFi


Innate Abilities, Weirdness & Mutations

You are resistant to torment.
Your stone body is resilient. (AC +4)
You are immune to poison.
You resist negative energy. (rN+)
You are resistant to electric shocks. (rElec)
You can survive without breathing.
You are immune to petrification.
You are immune to rotting.


Message History

b - 113 stones The rat barely misses you.
The iguana bites you.
Casting: Sandblast (safe; 1% risk of failure)
Confirm with . or Enter, or press ? or * to list all spells.
Aiming: Sandblast (safe; 1% risk of failure)
Press: ? - help, Shift-Dir - straight line, f/p - iguana
Aim: an iguana (moderately wounded)
You miscast Sandblast.
You are very lightly contaminated with residual magic.
Nothing appears to happen.
The rat bites you but does no damage. The iguana bites you!
* * * LOW HITPOINT WARNING * * *
It was a potion of berserk rage.
A red film seems to cover your vision as you go berserk!
You feel yourself moving faster!
You feel mighty! The rat closely misses you. The iguana misses you.
You closely miss the iguana.
The iguana is moderately wounded.
The rat bites you.
You die...

###.####..........#####
#...# ##)........# #.###
#.........##### #.#
####.............. #.#
#.##.........##### #.#
#.##.........# ##
#####.####.#..........####.
#.....[..#l#..........##...
#........#@#...........#.#.
#..<.....#r####....#.......
#####..#....###............
#..##..................
#...#.......≈≈≈≈≈≈≈≈≈≈≈
#.#.#.......≈≈≈≈≈≈≈≈≈≈≈
##.#.#.......≈≈#####....
#..#.#....##.≈≈#.#.#.###
##.##....#.##.≈≈#...###.#


You could see an iguana and a rat.

Vanquished Creatures
  Menkaure (D:4)
  2 adders
  An ooze (D:1)
  2 dart slugs
  3 leopard geckos
  4 orcs (D:3)
  9 bats
  3 giant cockroaches (D:1)
  5 goblins
  8 hobgoblins
  2 jackals (D:1)
  2 quokkas (D:2)
  5 frilled lizards
  7 kobolds
  8 rats
62 creatures vanquished.

Vanquished Creatures (others)
  5 plants (D:3)
5 creatures vanquished.

Grand Total: 67 creatures vanquished

Notes
Turn   | Place    | Note
-------+----------+-------------------------------------------
     0 | D:1      | Myldir the Gargoyle Earth Elementalist began the quest for
                  | the Orb.
     0 | D:1      | Reached XP level 1. HP: 10/10 MP: 3/3
   197 | D:1      | Reached skill level 4 in Earth Magic
   197 | D:1      | Reached XP level 2. HP: 8/15 MP: 3/5
   491 | D:1      | Reached XP level 3. HP: 19/19 MP: 4/6
   496 | D:1      | Learned a level 3 spell: Stone Arrow
  1008 | D:1      | Reached skill level 1 in Conjurations
  1282 | D:2      | Reached XP level 4. HP: 22/24 MP: 3/8
  1328 | D:2      | Found a faded altar of an unknown god.
  1684 | D:2      | Found a shadowy altar of Dithmenos.
  1911 | D:2      | Found a hide-covered altar of Uskayaw.
  2006 | D:3      | Found a transporter.
  2008 | D:3      | Identified the +4 spear of Moral Flaws {pain, rF+ MR-
                  | Int+4}
  2018 | D:3      | Noticed Gebura's ghost (amateur OpFi)
  2406 | D:3      | Found a transporter.
  2567 | D:4      | Found a glowing drain.
  2567 | D:4      | Noticed Menkaure
  2569 | D:4      | Killed Menkaure
  2569 | D:4      | Reached skill level 5 in Earth Magic
  2569 | D:4      | Reached XP level 5. HP: 28/28 MP: 6/10
  2575 | D:3      | HP: 1/28 [iguana (11)]
  2577 | D:3      | Slain by a rat

Illustrated notes

Levels and vault maps discovered:
D:1:      dpeg_arrival_rooms_c, layout_loops_ring
D:2:      layout_rooms, lemuel_coloured_pillars_altar,
          chequers_ecumenical_altar_island, grunt_dithmenos_smoke_and_mirrors
D:3:      layout_rooms, gammafunk_ghost_gnarly_gnolls
D:4:      layout_loops_ring, fedhas_ov_isle_minmay,
          cheibrodos_sewer_entry_drain, cheibriados_altar_1, uniq_duvessa,
          uniq_menkaure

Skill      XL: |  1  2  3  4 |
---------------+-------------+-----
Earth Magic    | 4 5 |  5.4
Conjurations   | 1 2 |  2.7
Spellcasting   | 3 |  3.7
Dodging        | |  1.5
Stealth        | |  2.1
Transmutations | |  0.7

Action                   |  1- 3 |  4- 6 || total
-------------------------+-------+-------++-------
Melee: Spear             |   152 |    62 ||   214
       Mace              |       |     8 ||     8
       Quarterstaff      |       |     6 ||     6
 Cast: Sandblast         |    14 |    16 ||    30
  Use: Scroll            |       |     2 ||     2
       Potion            |       |     2 ||     2
 Stab: Sleeping          |     4 |     1 ||     5
       Distracted        |       |     1 ||     1
Armor: Robe              |    51 |    30 ||    81
Dodge: Dodged            |   110 |    61 ||   171

Table legend: (Time is in decaauts)
 A = Elapsed time spent in this place.
 B = Non-inter-level travel time spent in this place.
 C = Inter-level travel time spent in this place.
 D = Time resting spent in this place.
 E = Time spent auto-exploring this place.
 F = Levels seen in this place.
 G = Mean time per level.
                   A        B        C        D        E       F      G
               +--------+--------+--------+--------+--------+-----+--------+
         Total |   2612 |   2585 |     27 |    490 |   1384 |   4 |  653.0 |
       Dungeon |   2612 |   2585 |     27 |    490 |   1384 |   4 |  653.0 |
               +--------+--------+--------+--------+--------+-----+--------+

Top non-repeatable levels by time:
     D:1: 1233 daAuts
     D:2: 795 daAuts
     D:3: 578 daAuts
     D:4: 4 daAuts
